 Dungeon Sprint DCSS version 0.23-b1-70-gd12f7cf (webtiles) character file.

Game seed: 9324284282176597027

715 poirepourri the Unseen (level 7, -1/32 HPs)
             Began as a Spriggan Enchanter on Feb 6, 2019.
             Engulfed by an ice statue's freezing vapour (9 damage)
             ... in the Dungeon (Sprint II: "The Violet Keep of Menkaure").
             The game lasted 00:02:32 (864 turns).

poirepourri the Unseen (Spriggan Enchanter)          Turns: 864, Time: 00:02:33

Health: -1/32      AC:  2    Str:  4    XL:     7   Next: 41%
Magic:  22/22      EV: 18    Int: 17    God:
Gold:   729        SH:  0    Dex: 18    Spells: 21/27 levels left

rFire    . . .     SeeInvis +   a - +1 dagger
rCold    . . .     Gourm    .   (shield restricted)
rNeg     . . .     Faith    .   b - +0 robe
rPois    .         Spirit   .   (helmet restricted)
rElec    .         Reflect  .   (no cloak)
rCorr    .         Harm     .   (gloves unavailable)
MR       +....     NoTele   +   (boots unavailable)
Stlth    +++++++...             (no amulet)
HPRegen  0.00/turn              (no ring)
MPRegen  0.18/turn              (no ring)

@: very quick
A: very small, unfitting armour, see invisible, herbivore, speed 3, inhibited
regeneration, slow metabolism 2
a: no special abilities


You were in the Dungeon.
You were not hungry.

You visited 1 branch You collected 729 gold pieces.

Inventory:

Hand Weapons
 a - a +1 dagger (weapon)
Armour
 b - a +0 robe (worn)
Scrolls
 j - a scroll of blinking
Potions
 g - a potion of haste
 h - 2 potions of magic
Comestibles
 d - a ration


   Skills:
 - Level 1.1 Short Blades
 - Level 3.0 Dodging
 - Level 19.5 Stealth
 - Level 10.7 Spellcasting
 + Level 3.6 Hexes


You had 21 spell levels left.
You knew the following spells:

 Your Spells              Type           Power        Failure   Level  Hunger
a - Corona                Hex            ###....      1%          1    None
b - Ensorcelled Hibernat  Hex/Ice        ###...       5%          2    None
c - Confuse               Hex            ###.....     5%          3    None

Your spell library contained the following spells:

 Spells                   Type           Power        Failure   Level  Hunger
 Tukima's Dance           Hex            ###.....     5%          3    None
 Dazzling Spray           Conj/Hex       ###...       11%         3    None


Dungeon Overview and Level Annotations

Branches:
Dungeon (1/1)

Altars:
Zin

Shops:
D %!:?:![[=}?*[=(=

Annotations:
D exclusions: ice statue and oklob plant


Innate Abilities, Weirdness & Mutations

You are very small and have problems with some larger weapons.
You are too small for most types of armour.
You have supernaturally acute eyesight. (SInv)
You are a herbivore.
You cover ground extremely quickly.
You need to consume almost no food.
You do not regenerate when monsters are visible.


Message History

There is an open door, spattered with blood here.
You start resting.
Magic restored.
There is a staircase leading out of the dungeon here.
There is an open door here.
You close the door.
There is an open door here.
There is an open door here.
Really walk into a travel-excluded area?
Okay, then.
Really walk into a travel-excluded area?
There is an open door here.
Really walk into a travel-excluded area?
The ice statue gestures.
The ice statue gestures at you. The freezing blast engulfs you!!
Ouch! That really hurt!
* * * LOW HITPOINT WARNING * * *
You are engulfed in freezing vapours.
You die...

##..°..°°##
##.°°°..°○°##
+..°○○8°°.°.# ..○○°○○☼○#
#≈##..○○°Y°#
######≈≈#'°○#°○○##
#####≈≈≈°°.°..○☼○#
....#≈≈≈≈.##+##☼.#
....#≈≈≈≈##.#.##@####
∩...#≈≈≈≈#..#..#☼☼○☼#
.∩..#≈≈####...####○.##
∩.∩.#≈##.###'###.##..#
.∩.∩#≈#..###.##...#..#
..∩.'≈'.##'.<.'.##'..#
...∩#≈#.#.##.####.#...§#
▓▓###≈##.###+#
#.##§§....≈≈ #####≈≈###
## ≈≈§.§..≈#+


You could see an ice statue and an ice beast.

Vanquished Creatures
  2 neqoxecs (D)
  4 necrophages (D)
  2 crocodiles (D)
  3 worms (D)
11 creatures vanquished.

Vanquished Creatures (others)
  A vampire mosquito (D)
  Menkaure (D)
  2 neqoxecs (D)
4 creatures vanquished.

Grand Total: 15 creatures vanquished

Notes
Turn   | Place    | Note
-------+----------+-------------------------------------------
     0 | D        | poirepourri the Spriggan Enchanter began the quest for the
                  | Orb.
     0 | D        | Reached XP level 1. HP: 9/9 MP: 5/5
     4 | D        | Reached skill level 6 in Stealth
     6 | D        | Reached skill level 7 in Stealth
    11 | D        | Noticed Menkaure
    11 | D        | Noticed a crocodile
    14 | D        | Reached skill level 8 in Stealth
    14 | D        | Reached XP level 2. HP: 13/13 MP: 6/6
    30 | D        | Killed a crocodile
    30 | D        | Reached skill level 11 in Stealth
    30 | D        | Reached XP level 3. HP: 5/16 MP: 8/8
    34 | D        | Killed Menkaure
   255 | D        | Found a glowing silver altar of Zin.
   267 | D        | Noticed a necrophage
   267 | D        | Noticed a necrophage
   267 | D        | Noticed a necrophage
   267 | D        | Noticed a necrophage
   270 | D        | Killed a necrophage
   270 | D        | Reached skill level 14 in Stealth
   270 | D        | Reached XP level 4. HP: 20/21 MP: 9/9
   271 | D        | Killed a necrophage
   271 | D        | Reached skill level 17 in Stealth
   271 | D        | Reached XP level 5. HP: 23/24 MP: 10/10
   274 | D        | Killed a necrophage
   274 | D        | Reached skill level 18 in Stealth
   274 | D        | Reached XP level 6. HP: 27/28 MP: 11/11
   295 | D        | Learned a level 2 spell: Ensorcelled Hibernation
   314 | D        | Learned a level 3 spell: Confuse
   340 | D        | Noticed an ice statue
   343 | D        | Found Loacud's Antique Weapon Boutique.
   344 | D        | Reached skill level 19 in Stealth
   473 | D        | Noticed a neqoxec
   473 | D        | Gained mutation: You do not regenerate when monsters are
                  | visible. [a neqoxec]
   483 | D        | Killed a neqoxec
   483 | D        | Reached XP level 7. HP: 18/32 MP: 14/20
   547 | D        | Killed a neqoxec
   717 | D        | Killed a neqoxec
   759 | D        | Found Vuqa's Antique Armour Shop.
   759 | D        | Found Tezxiss's Magic Scroll Boutique.
   760 | D        | Found Ocezad's Jewellery Boutique.
   760 | D        | Found Huz Xee's Assorted Antiques.
   760 | D        | Found Reun's Gadget Boutique.
   760 | D        | Found Pyiluurr's Jewellery Shop.
   761 | D        | Found Cuopliwk's Jewellery Shop.
   763 | D        | Found Alaxa's Antique Armour Shop.
   764 | D        | Found Zufe's Antique Armour Shop.
   764 | D        | Found Ystuolev's Distillery.
   764 | D        | Noticed a neqoxec
   764 | D        | Noticed a slime creature
   768 | D        | Killed a vampire mosquito
   776 | D        | Found Coimets's Book Shop.
   776 | D        | Found Ozalen's Magic Scroll Boutique.
   776 | D        | Noticed a slime creature
   776 | D        | Noticed a slime creature
   776 | D        | Noticed an oklob plant
   779 | D        | Found Bem Diuq's Distillery.
   779 | D        | Found Liuj's Food Boutique.
   779 | D        | Found Lini Ara's Book Shoppe.
   790 | D        | Killed a neqoxec
   790 | D        | Reached skill level 10 in Spellcasting
   792 | D        | Noticed a manticore
   792 | D        | Noticed a manticore
   795 | D        | Noticed a redback
   864 | D        | Engulfed by an ice statue's freezing vapour

Skill      XL: |  1  2  3  4  5  6  7 |
---------------+----------------------+-----
Stealth        | 8 11 14 17 18 19 | 19.5
Spellcasting   | 8 10 | 10.7
Short Blades   | |  1.1
Dodging        | |  3.0
Hexes          | |  3.6

Action                   |  1- 3 |  4- 6 |  7- 9 || total
-------------------------+-------+-------+-------++-------
Melee: Dagger            |    10 |    17 |     9 ||    36
 Cast: Confuse           |       |     6 |     2 ||     8
       Corona            |       |     1 |       ||     1
  Use: Potion            |     1 |     2 |       ||     3
 Stab: Sleeping          |     4 |     3 |       ||     7
       Confused          |       |     2 |     1 ||     3
Armor: Robe              |       |     2 |       ||     2
Dodge: Dodged            |     2 |    15 |     3 ||    20
